 Dungeon Crawl Stone Soup version 0.25-a0-876-gadf69d5 (webtiles) character file.

Game seed: 3447195904573179181, levelgen mode: deterministic

530 Faca the Skirmisher (level 7, -10/58 HPs)
             Began as a Human Fighter on May 1, 2020.
             Mangled by an ice beast (14 damage)
             ... on level 5 of the Dungeon.
             The game lasted 00:07:44 (4901 turns).

Faca the Skirmisher (Human Fighter)                 Turns: 4901, Time: 00:07:44

Health: -10/58     AC:  9    Str: 19    XL:     7   Next: 48%
Magic:  7/7        EV:  5    Int:  8    God:
Gold:   229        SH:  9    Dex: 12    Spells: 6/6 levels left

rFire    . . .     SeeInvis +   a - +1 flail
rCold    . . .     Gourm    .   c - +0 kite shield
rNeg     . . .     Faith    .   l - +0 chain mail
rPois    .         Spirit   .   (no helmet)
rElec    .         Reflect  .   (no cloak)
rCorr    .         Harm     .   (no gloves)
MR       .....                  (no boots)
Stlth    ..........             (no amulet)
HPRegen  0.19/turn              b - ring of see invisible
MPRegen  0.10/turn              (no ring)

@: no status effects
A: no striking features
a: no special abilities


You were on level 5 of the Dungeon.
You were very hungry.

You visited 1 branch of the dungeon, and saw 5 of its levels.

You collected 229 gold pieces.

Inventory:

Hand Weapons
 a - a +1 flail (weapon)
Missiles
 g - 19 poisoned darts (quivered)
 n - 5 silver javelins
 o - 10 boomerangs
Armour
 c - a +0 kite shield (worn)
 l - a +0 chain mail (worn)
Jewellery
 b - a ring of see invisible (left hand)
Wands
 m - a wand of random effects (7)
 p - a wand of flame (9)
Scrolls
 e - 3 scrolls of remove curse
 j - a scroll of vulnerability {unknown}
 q - a scroll of immolation {unknown}
Potions
 d - 3 potions of might
 h - a potion of magic {unknown}
 i - 4 potions of lignification
 k - 2 potions of haste
 s - a potion of ambrosia
Comestibles
 f - 9 rations


   Skills:
 + Level 6.0 Fighting
 + Level 5.5 Maces & Flails
 - Level 3.0 Armour
 - Level 3.0 Shields


You had 6 spell levels left.
You didn't know any spells.
Your spell library was empty.

Dungeon Overview and Level Annotations

Branches:
Dungeon (5/15)
 Temple: D:4-7

Altars:
Ashenzari
Gozag


Message History

The ice beast hits you but does no damage.
You closely miss the ice beast.
The ice beast is heavily wounded.
The ice beast hits you but does no damage.
You block the ice beast's attack.
You hit the ice beast but do no damage.
The ice beast is heavily wounded.
The ice beast barely misses you.
You sock the ice beast!
The ice beast is almost dead.
The ice beast hits you but does no damage.
You closely miss the ice beast.
The ice beast is severely wounded.
You block the ice beast's attack.
You closely miss the ice beast.
The ice beast is severely wounded.
The ice beast hits you.
* * * LOW HITPOINT WARNING * * *
The ice beast freezes you!
You die...

##.######
#.....##.### #.#
#.....##.# ##.# ###
#.....##.#
.#.#####.# #.....#
.# .. ##.......#
#.....# .# ...
#######.# +.....# .#
.... #.# ###.##....
#.# #####Y........
#.####≈..@#........
#....#≈...#..######
####.#≈...#.##
###########.#≈...#.#
#...........#≈≈≈≈#.#
#.#########.+#####.#
............# #.#
###
#.......###.###.##.#
.... #######.#
#.....##.# .....


You could see an ice beast.

Vanquished Creatures
  A scorpion (D:5)
  A centaur skeleton (D:4)
  3 orc priests
  Jessica (D:3)
  An iguana (D:4)
  Ijyb (D:3)
  3 orc wizards (D:4)
  A hound skeleton (D:5)
  7 adders
  A shadow imp (D:5)
  3 worms
  4 dart slugs
  5 leopard geckos
  20 orcs
  A ball python (D:3)
  6 bats
  9 giant cockroaches
  4 goblins
  6 hobgoblins
  4 kobolds
  A quokka (D:2)
  9 frilled lizards
  A leopard gecko skeleton (D:4)
  6 rats
99 creatures vanquished.

Notes
Turn   | Place    | Note
-------+----------+-------------------------------------------
     0 | D:1      | Faca the Human Fighter began the quest for the Orb.
     0 | D:1      | Reached XP level 1. HP: 18/18 MP: 1/1
   221 | D:1      | Reached XP level 2. HP: 23/24 MP: 2/2
   499 | D:1      | Reached XP level 3. HP: 29/29 MP: 3/3
  1194 | D:2      | Reached XP level 4. HP: 37/37 MP: 4/4
  1371 | D:2      | Reached skill level 4 in Fighting
  1494 | D:2      | Found a shattered altar of Ashenzari.
  2040 | D:3      | Reached XP level 5. HP: 42/42 MP: 5/5
  2041 | D:3      | Noticed Jessica
  2046 | D:3      | Killed Jessica
  2190 | D:3      | Noticed Ijyb
  2209 | D:3      | Killed Ijyb
  3044 | D:4      | Found an opulent altar of Gozag.
  3084 | D:4      | Found the +8 frozen axe "Frostbite" {freezing cloud, *Noise
                  | +Fly rC+}
  3130 | D:4      | Reached XP level 6. HP: 41/50 MP: 6/6
  3148 | D:4      | Reached skill level 5 in Fighting
  4060 | D:4      | Reached skill level 5 in Maces & Flails
  4060 | D:4      | Reached XP level 7. HP: 50/56 MP: 7/7
  4737 | D:5      | Entered Level 5 of the Dungeon
  4802 | D:5      | Reached skill level 6 in Fighting
  4901 | D:5      | Mangled by an ice beast

Levels and vault maps discovered:
D:1:      heliophobic_arrival_glass_houses, layout_loops_ring, nrook_campfire,
          minmay_heptomino_o4
D:2:      layout_loops_ring, marbit_many_paths
D:3:      wad_pebble_path, layout_basic, hangedman_decor_lopped, uniq_ijyb,
          uniq_jessica
D:4:      layout_cave_pods, grunt_gozag_breadcrumbs
D:5:      layout_basic, enter_ossuary_5, portal_sewer_entry_f, serial_rivers,
          chequers_serial_rivers_small_b, chequers_serial_rivers_room_a,
          chequers_serial_rivers_micro_c, chequers_serial_rivers_micro_e,
          chequers_serial_rivers_room_a, first_ration,
          nemelex_xobeh_ov_fountains_minmay

Skill      XL: |  1  2  3  4  5  6  7 |
---------------+----------------------+-----
Maces & Flails | 3 4 5 |  5.5
Fighting       | 4 5 6 |  6.0
Armour         | |  3.0
Shields        | |  3.0

Action                   |  1- 3 |  4- 6 |  7- 9 || total
-------------------------+-------+-------+-------++-------
Melee: Flail             |    90 |   213 |    84 ||   387
  Use: Scroll            |     5 |     9 |     1 ||    15
       Potion            |       |     2 |     1 ||     3
  Eat: Chunk             |     1 |     9 |     2 ||    12
Armor: Scale mail        |    34 |    74 |       ||   108
       Chain mail        |       |     7 |    42 ||    49
Dodge: Dodged            |    38 |    49 |    20 ||   107
Block: Kite shield       |    45 |   110 |    37 ||   192

Table legend:
 A = Non-vault XP
 B = Vault XP
 C = Vault XP percentage of total XP
 D = Non-vault monster count
 E = Vault monster count
 F = Vault count percentage of total count
                 A         B        C        D         E       F
            +---------+---------+-------+---------+---------+-------
      Total |     681 |      77 |  10.2 |      94 |       5 |   5.1
            +---------+---------+-------+---------+---------+-------
        D:1 |      37 |       3 |   7.5 |      22 |       2 |   8.3
        D:2 |      61 |       1 |   1.6 |      13 |       1 |   7.1
        D:3 |     163 |      73 |  30.9 |      24 |       2 |   7.7
        D:4 |     322 |       0 |   0.0 |      31 |       0 |   0.0
        D:5 |      98 |       0 |   0.0 |       4 |       0 |   0.0
            +---------+---------+-------+---------+---------+-------
